 Dungeon Crawl Stone Soup version 0.17.1-1-g73c8601 (webtiles) character file.

60 DeXoteric the Sneak (level 3, -4/16 HPs)
             Began as a Spriggan Enchanter on Jan 4, 2016.
             Slain by an adder (5 damage)
             ... on level 2 of the Dungeon.
             The game lasted 00:04:20 (1642 turns).

DeXoteric the Sneak (Spriggan Enchanter)            Turns: 1642, Time: 00:04:20

Health: -4/16      AC:  3    Str:  4    XL:     3   Next: 80%
Magic:  1/8        EV: 18    Int: 17    God:
Gold:   42         SH:  0    Dex: 16    Spells: 3 memorised, 1 level left

rFire  . . .     SeeInvis +     a - +3 dagger (flame)
rCold  . . .     Clarity  .     b - +1 robe
rNeg   . . .     SustAt   .     (shield restricted)
rPois  .         Gourm    .     (helmet restricted)
rElec  .         Spirit   .     (no cloak)
rCorr  .         Warding  .     (gloves unavailable)
rMut   .         Stasis   .     (boots unavailable)
MR     .....                    (no amulet)
Stlth  ++++......               (no ring)
                                (no ring)

@: lethally poisoned (-4 -> -6), very quick, not resistant to hostile
enchantments, stealthy
A: unfitting armour, see invisible, herbivore 3, speed 3, slow metabolism 2
a: no special abilities


You were on level 2 of the Dungeon.
You were not hungry.

You visited 1 branch of the dungeon, and saw 2 of its levels.

You collected 42 gold pieces.

Inventory:

Hand Weapons
 a - a +3 dagger of flaming (weapon)
 g - a +1 dagger
Armour
 b - a +1 robe (worn)
Scrolls
 e - 3 scrolls of identify {unknown}
 f - a scroll of random uselessness {unknown}
 h - 2 scrolls of remove curse {unknown}
 k - a scroll of enchant weapon {unknown}
 m - a scroll of fog {unknown}
 o - a scroll of fear {unknown}
 q - a scroll of magic mapping {unknown}
Potions
 j - a potion of might {unknown}
 l - 2 potions of heal wounds {unknown}
 n - a potion of curing {unknown}
 p - a potion of ambrosia {unknown}
 r - a potion of degeneration {unknown}
Books
 c - a book of Maledictions

   Spells                             Type                      Level
   a - Corona                         Hexes                        1
   b - Ensorcelled Hibernation        Hexes/Ice                    2
   c - Confuse                        Hexes                        3
   d - Tukima's Dance                 Hexes                        3
   e - Dazzling Spray                 Conjuration/Hexes            3
Comestibles
 d - 2 bread rations
 i - 4 fruits


   Skills:
 - Level 1.1 Short Blades
 - Level 3.0 Dodging
 + Level 6.0 Stealth
 - Level 2.6 Spellcasting
 + Level 4.8 Hexes


You had one spell level left.
You knew the following spells:

 Your Spells              Type           Power        Failure   Level  Hunger
a - Ensorcelled Hibernat  Hex/Ice        ##....       12%         2    ##.....
b - Confuse               Hex            ###.....     10%         3    ###....
A - Corona                Hex            ###....      2%          1    #......


Dungeon Overview and Level Annotations

Branches:
Dungeon (2/15)

Altars:
Ashenzari


Innate Abilities, Weirdness & Mutations

You are tiny and cannot use many weapons and most armour.
You have supernaturally acute eyesight.
You are a herbivore.
You cover ground extremely quickly.
You need consume almost no food.


Message History

You feel sick.
You take 1 damage, and have 3/16 hp.
* * * LOW HITPOINT WARNING * * *
You feel sick.
You take 1 damage, and have 2/16 hp.
There is a stone staircase leading up here.
* * * LOW HITPOINT WARNING * * *
You feel sick.
You take 1 damage, and have 2/16 hp.
Aim: a gnoll, wielding a whip (chance to defeat MR: 50%)
The gnoll resists with some effort.
The gnoll completely misses you.
Your magical contamination has completely faded away.
You now have 1/8 mp.
You are too injured to fight recklessly!
The adder completely misses you.
* * * LOW HITPOINT WARNING * * *
You feel sick. The adder barely misses you.
You take 1 damage, and have 1/16 hp.
You closely miss the adder. The adder bites you.
You die...

###.#.# ###'###....##.#.#.#.# #..
......# ##.###....##.#..)#.###..
......# #..........#.#...g..g†..
......# #..###(....#.#...#.#####
.....S# #.......<..#.#.#.#.#
......# #....#.....#.#.#.#.#####
#####.# #.S.....(#.#.#.#†.......
#.####....##S##.#.#.#.#.###..
#..........#i.g.#.# #...# #..
######..#########.# #...###..
########...#..........#.#.....'..
.................(....#.#...###..
...#####...........##.#.....# #..
...# ###......)..##.#+#..>#####
...# #.........##...........#
...# #../......##...........#
...# ############...........#


You could see a gnoll and an adder.

Vanquished Creatures
  2 gnolls (D:2)
  An adder (D:2)
  An ooze (D:1)
  2 giant cockroaches
  3 hobgoblins (D:1)
  4 bats
  4 goblins (D:1)
  2 jackals (D:2)
  7 kobolds
  7 rats
33 creatures vanquished.

Notes
Turn   | Place    | Note
--------------------------------------------------------------
     0 | D:1      | DeXoteric the Spriggan Enchanter began the quest for the Orb.
     0 | D:1      | Reached XP level 1. HP: 9/9 MP: 5/5
   282 | D:1      | Found a shattered altar of Ashenzari.
   339 | D:1      | Reached XP level 2. HP: 7/13 MP: 6/6
   520 | D:1      | Reached skill level 5 in Stealth
   875 | D:1      | Learned a level 2 spell: Ensorcelled Hibernation
  1092 | D:2      | Reached XP level 3. HP: 16/16 MP: 8/8
  1097 | D:2      | Learned a level 3 spell: Confuse
  1600 | D:2      | Reached skill level 6 in Stealth
  1642 | D:2      | Slain by an adder

Action                   || total
-------------------------++-------
Melee: Dagger            ||    71
 Cast: Ensorcelled Hiber ||    11
 Stab: Sleeping          ||    10
